 Dungeon Crawl Stone Soup version 0.18-a0-1166-g6e2d2a0 (console) character file.

430 Jobasha the Slasher (level 7, -4/52 HPs)
             Began as a Human Gladiator on Jan 25, 2016.
             Slain by a worker ant (6 damage)
             ... on level 5 of the Dungeon on Aug 28, 2016.
             The game lasted 01:02:57 (5199 turns).

Jobasha the Slasher (Human Gladiator)               Turns: 5199, Time: 01:02:57

Health: -4/52      AC:  9    Str: 17    XL:     7   Next: 19%
Magic:  7/7        EV:  9    Int:  8    God:
Gold:   220        SH:  0    Dex: 14    Spells: 0 memorised, 6 levels left

rFire  + . .     SeeInvis .     a - +1 long sword
rCold  . . .     Gourm    .     u - +0 chain mail
rNeg   . . .     Faith    .     (no shield)
rPois  .         Spirit   .     (helmet restricted)
rElec  .         Dismiss  .     (no cloak)
rCorr  .         Reflect  .     (no gloves)
SustAt .         Harm     .     (no boots)
MR     .....                    (no amulet)
Stlth  ..........               (no ring)
                                (no ring)

@: lethally poisoned (-4 -> -6), not resistant to hostile enchantments,
extremely unstealthy
A: antennae 1, thin skeletal structure 1, clumsy 1, fire resistance 1, sturdy
frame 1
a: no special abilities


You were on level 5 of the Dungeon.
You were not hungry.

You visited 1 branch of the dungeon, and saw 5 of its levels.
You also visited: Sewer.

You collected 220 gold pieces.

Inventory:

Hand Weapons
 a - a +1 long sword (weapon)
 h - a +0 short sword
 q - a +0 whip
 w - a cursed -2 war axe
 z - a +0 falchion
 B - a +0 blowgun
Missiles
 d - 3 throwing nets (quivered)
 k - 21 poisoned needles
 p - 55 sling bullets
Armour
 b - a +0 leather armour
 c - a +0 helmet
 f - a +0 pair of gloves
 l - a +0 ring mail
 o - a +0 leather armour
 u - a +0 chain mail (worn)
 v - a +0 robe
 F - a +0 scale mail
Wands
 e - a wand of magic darts (30/48)
 A - a wand of fire (7/15)
Scrolls
 i - a scroll of identify
 y - a scroll of remove curse
 C - a scroll of blinking
Potions
 g - 2 potions of lignification
 x - 2 potions of flight
 E - a potion of curing
Books
 m - a book of Fire

   Spells                             Type                      Level
   a - Ignite Poison                  Fire/Transmutation/Poison    3
   b - Fireball                       Conjuration/Fire             5
   c - Bolt of Fire                   Conjuration/Fire             6
   d - Delayed Fireball               Conjuration/Fire             7
   e - Ring of Flames                 Charms/Fire                  7
Comestibles
 j - 2 chunks of flesh
 n - 6 bread rations
 s - a meat ration
 t - 2 beef jerkies


   Skills:
 + Level 3.6 Fighting
 + Level 4.7 Long Blades
 + Level 2.4 Throwing
 + Level 3.3 Armour
 + Level 4.0 Dodging
 + Level 1.2 Stealth


You had 6 spell levels left.
You didn't know any spells.

Dungeon Overview and Level Annotations

Branches:
Dungeon (5/15)
 Temple: D:4-7

Altars:
Ashenzari
Elyvilon
Gozag
Ru


Innate Abilities, Weirdness & Mutations

You have a pair of small antennae on your head.
You have a somewhat thin skeletal structure (Dex +2, Stealth).
You are clumsy. (Dex -2)
Your flesh is heat resistant.
Your movements are slightly less encumbered by armour (ER -2).


Message History

The worker ant bites you.
* * * LOW HITPOINT WARNING * * *
You are lethally poisoned!
The worker ant poisons you!
You closely miss the worker ant.
The worker ant is severely wounded.
* * * LOW HITPOINT WARNING * * *
You feel sick. The worker ant closely misses you.
You barely miss the worker ant.
The worker ant is severely wounded.
* * * LOW HITPOINT WARNING * * *
You feel sick. The worker ant closely misses you.
The worker ant bites you but does no damage.
You barely miss the worker ant.
The worker ant is severely wounded.
The worker ant closely misses you.
You barely miss the worker ant.
The worker ant is severely wounded.
The worker ant closely misses you. The worker ant bites you.
You die...

# ## ##. ...#
###.. ... .
##.... #.. ..
...... ##.. ...
...... ##...
##.... #..
###....##......
. ##.
........a......
...###
.......@.......
......
#..............
......
##....%.......#
......
#..........###
......
##........##
......
#.........
######
#...##..... #
#.?. #..... ..
... #... #
#...#####


You could see a worker ant.

Vanquished Creatures
  Grinder (D:5)
  A hound (D:4)
  Ijyb (D:2)
  2 worker ants (D:4)
  2 hound skeletons
  3 adders
  An ooze (Sewer)
  An adder zombie (D:5)
  3 worms (D:3)
  7 giant geckos
  2 orcs (D:3)
  4 giant cockroaches
  8 goblins
  6 hobgoblins
  4 jackals (D:4)
  A quokka (D:5)
  6 ball pythons
  10 bats
  6 giant newts
  8 kobolds
  9 rats
86 creatures vanquished.

Vanquished Creatures (others)
  3 orcs (D:3)
  A quokka (D:4)
4 creatures vanquished.

Grand Total: 90 creatures vanquished

Notes
Turn   | Place    | Note
--------------------------------------------------------------
     0 | D:1      | Jobasha the Human Gladiator began the quest for the Orb.
     0 | D:1      | Reached XP level 1. HP: 16/16 MP: 1/1
   335 | D:1      | Reached XP level 2. HP: 22/22 MP: 2/2
  1215 | D:2      | Upgraded the game from 0.18-a0-1164-g7046a04 to 0.18-a0-1166-g6e2d2a0
  1227 | D:2      | Reached XP level 3. HP: 27/27 MP: 3/3
  1313 | D:2      | Noticed Ijyb
  1322 | D:2      | Killed Ijyb
  1322 | D:2      | Reached skill level 1 in Armour
  1388 | D:2      | Reached XP level 4. HP: 34/34 MP: 4/4
  1569 | D:2      | Found an opulent altar of Gozag.
  2607 | D:3      | Found a glowing drain.
  2612 | Sewer    | Entered a sewer
  3026 | Sewer    | Reached XP level 5. HP: 39/39 MP: 5/5
  3180 | D:3      | Gained mutation: You are clumsy. (Dex -2) [potion of mutation]
  3180 | D:3      | Gained mutation: You have a pair of small antennae on your head. [potion of mutation]
  3180 | D:3      | Gained mutation: You evolve. [potion of mutation]
  3303 | D:3      | Gained mutation: Your flesh is heat resistant. [evolution]
  3303 | D:3      | Lost mutation: You evolve. [end of evolution]
  3584 | D:4      | Reached skill level 4 in Long Blades
  3916 | D:4      | Reached XP level 6. HP: 33/46 MP: 6/6
  4458 | D:4      | Reached skill level 1 in Stealth
  4566 | D:4      | Found a white marble altar of Elyvilon.
  4906 | D:5      | Entered Level 5 of the Dungeon
  4969 | D:5      | Found a sacrificial altar of Ru.
  4971 | D:5      | Found a shattered altar of Ashenzari.
  5063 | D:5      | Gained mutation: You have a somewhat thin skeletal structure (Dex +2, Stealth). [potion of mutation]
  5063 | D:5      | Gained mutation: Your movements are slightly less encumbered by armour (ER -2). [potion of mutation]
  5137 | D:5      | Noticed Grinder
  5153 | D:5      | Killed Grinder
  5153 | D:5      | Reached XP level 7. HP: 30/52 MP: 7/7
  5196 | D:5      | HP: 2/52 [poisoned by a worker ant]
  5199 | D:5      | Slain by a worker ant

Vault maps used:
D:1:      erik_arrival_triangle_small
D:2:      old_standard_altar, uniq_iyjb
D:3:      gup_sewer_entry_bowl, minivault_24, lemuel_old_faithful
D:4:      elyvilon_altar_4, uniq_crazy_yiuf_cottage
D:5:      old_standard_altar, nicolae_overflow_hidden_temple, first_bread,
          uniq_grinder
Sewer:    kennysheep_pipe_town

Action                   |  1- 3 |  4- 6 |  7- 9 || total
-------------------------+-------+-------+-------++-------
Melee: Long sword        |    61 |   312 |    11 ||   384
Throw: Throwing net      |     3 |     6 |       ||     9
  Use: Scroll            |     6 |     3 |     1 ||    10
       Potion            |       |    14 |       ||    14
 Stab: Held in net/web   |       |     4 |       ||     4
  Eat: Bread ration      |     1 |       |       ||     1
       Chunk             |       |     5 |       ||     5
       Meat ration       |       |     1 |       ||     1
